 Dungeon Crawl Stone Soup version 0.30.1-5-ged363bc7ee (webtiles) character file.

Game seed: 3257683918451587183

7 booth the Scratcher (level 1, 0/9 HPs)
             Began as a Felid Transmuter on Sept 19, 2023.
             Constricted to death by a ball python (1 damage)
             ... on level 1 of the Dungeon.
             The game lasted 00:02:57 (293 turns).

booth the Scratcher (Felid Transmuter)               Turns: 293, Time: 00:02:58

Health: 0/9        AC:  1    Str:  6    XL:     1   Next: 83%
Magic:  3/4        EV: 14    Int: 14    God:
Gold:   16         SH:  0    Dex: 16    Spells: 3/4 levels left
                                        Lives:  0   Deaths: 0

rFire   . .          .
                       - Unarmed
rCold   . . .        (shield unavailable)
rNeg    . . .        (body armour unavailable)
rPois   .            (helmet unavailable)
rElec   .            (cloak unavailable)
rCorr   .            (gloves unavailable)
SInv    +            (boots unavailable)
Will    .....        (no amulet)
Stlth   ++           (no ring)
HPRegen 0.21/turn    (no ring)
MPRegen 0.09/turn

%: no passive effects
@: appendages, constricted, quick
A: horns 2, very small, claws 1, fangs 3, see invisible, speed 1, shaggy fur 1,
stealthy paws, no weapons or thrown items, no armour, multi-lived
a: End Transformation


You were on level 1 of the Dungeon.
You had temporarily grown beastly horns.
You visited 1 branch of the dungeon, and saw 1 of its levels.

You collected 16 gold pieces.

Inventory:

Scrolls
 b - a scroll of poison {unknown}
Potions
 a - 2 potions of lignification
 c - 2 potions of brilliance {unknown}


   Skills:
 + Level 1.1 Fighting
 + Level 2.8 Dodging
 + Level 0.4 Stealth
 * Level 3.1 Unarmed Combat
 + Level 2.0 Spellcasting
 + Level 0.4 Hexes
 + Level 0.5 Translocations
 + Level 2.2 Transmutations


You had 3 spell levels left.
You knew the following spells:

 Your Spells              Type           Power      Damage    Failure   Level
a - Beastly Appendage     Tmut           14%        N/A       10%         1

Your spell library contained the following spells:

 Spells                   Type           Power      Damage    Failure   Level
 Wereblood                Tmut           7%         N/A       14%         2
 Spider Form              Tmut/Pois      4%         N/A       41%         3
 Ice Form                 Ice/Tmut       4%         N/A       83%         4


Dungeon Overview and Level Annotations

Branches:
Dungeon (1/15)

Altars:


Innate Abilities, Weirdness & Mutations

You have temporarily grown beastly horns.
You have sharp claws.
You have razor-sharp teeth.
You have supernaturally acute eyesight. (SInv)
You cover ground quickly. (Speed+)
You are covered in fur. (AC +1)
Your paws help you pounce on unaware monsters.
You are incapable of wielding weapons or throwing items.
You cannot wear armour.
You gain extra lives every three experience levels.


Message History

There is an open door here.
Casting: Beastly Appendage (safe; 10% risk of failure)
Confirm with . or Enter, or press ? or * to list all spells.
You grow a pair of large bovine horns.
You scratch the dart slug.
The dart slug is heavily wounded.
The dart slug bites you but does no damage.
You scratch the dart slug. You headbutt the dart slug.
The dart slug is almost dead.
You scratch the dart slug.
You kill the dart slug!
You see here a dart slug corpse.
Your transformation is almost over.
You open the door.
There is an open door here.
There is a fountain of clear blue water here.
You open the door.
There is an open door here.
A ball python comes into view.
Found 16 gold pieces.
Found a clear potion and a scroll labelled ACOURE JU MOGI.
Found a stone staircase leading down.
Your horns disappear.
The ball python hisses angrily.
You closely miss the ball python. The ball python misses you.
The ball python grabs you. The ball python constricts you.
The ball python bites you. The ball python constricts you.
You barely miss the ball python. The ball python closely misses you.
The ball python constricts you.
You scratch the ball python.
The ball python is moderately wounded.
The ball python bites you.
* * * LOW HITPOINT WARNING * * *
The ball python constricts you.
* * * LOW HITPOINT WARNING * * *
Casting: Beastly Appendage (safe; 10% risk of failure)
Confirm with . or Enter, or press ? or * to list all spells.
You grow a pair of large bovine horns.
The ball python misses you. The ball python constricts you.
You die...

...##...##...##...##
#'##..⌠..##'##..⌠..#
..###...##..###...##
#. ###
##.##.....##.####...
#'#..#....#'#....$.
#...##....#...#
###########...#
#......#.#
#....S@#.#
#!.....#.# .>?.#####
# ####


You could see a ball python.

Vanquished Creatures
  A dart slug (D:1)
  A goblin (D:1)
  2 ball pythons (D:1)
  A rat (D:1)
5 creatures vanquished.

Notes
Turn   | Place    | Note
-------+----------+-------------------------------------------
     0 | D:1      | booth the Felid Transmuter began the quest for the Orb.
     0 | D:1      | Reached XP level 1. HP: 9/9 MP: 4/4
   293 | D:1      | Constricted to death by a ball python

Illustrated notes

Levels and vault maps discovered:
D:1:      lemuel_arrival_river_bridge, layout_basic, nicolae_hexahallways

Action                     || total
---------------------------++-------
  Melee: Unarmed           ||    14
         Headbutt          ||     2
         Bite              ||     1
   Cast: Beastly Appendage ||     4
 Armour: Skin              ||     1
  Dodge: Dodged            ||     9
